 Dungeon Crawl Stone Soup version 0.28.0-43-g3370ac3207 (webtiles) character file.

Game seed: 9242619743197506283

378 H0rd4k the Magician (level 6, -5/32 HPs)
             Began as a Deep Elf Hedge Wizard on Mar 15, 2022.
             Slain by Prince Ribbit (8 damage)
             ... on level 5 of the Dungeon.
             The game lasted 00:08:45 (5448 turns).

H0rd4k the Magician (Deep Elf Hedge Wizard)         Turns: 5448, Time: 00:08:47

Health: -5/32      AC:  2    Str:  7    XL:     6   Next: 45%
Magic:  15/17      EV: 17    Int: 21    God:
Gold:   164        SH:  0    Dex: 14    Spells: 9/18 levels left

rFire   . . .      SeeInvis .   g - staff of air
rCold   . . .      Faith    .   (no shield)
rNeg    . . .      Spirit   .   b - +0 robe
rPois   .          Reflect  .   c - +0 hat
rElec   +          Harm     .   (no cloak)
rCorr   .          Rampage  .   (no gloves)
Will    .....                   (no boots)
Stlth   ++........              (no amulet)
HPRegen 0.10/turn               e - +4 ring of evasion
MPRegen 0.15/turn               (no ring)

@: on blink cooldown
A: no striking features
a: no special abilities


You were on level 5 of the Dungeon.
You visited 1 branch of the dungeon, and saw 5 of its levels.

You collected 164 gold pieces.

Inventory:

Hand Weapons
 a - a +0 dagger
 f - a +2 dagger of holy wrath
Armour
 b - a +0 robe (worn)
 c - a +0 hat (worn)
Magical Staves
 g - a staff of air (weapon)
Jewellery
 e - a +4 ring of evasion (left hand)
Wands
 n - a wand of acid (4)
Scrolls
 j - a scroll of teleportation {unknown}
 k - a scroll of magic mapping {unknown}
 l - a scroll of amnesia {unknown}
 m - a scroll of immolation {unknown}
Potions
 d - a potion of cancellation
 h - a potion of attraction {unknown}
 i - a potion of berserk rage {unknown}


   Skills:
 + Level 0.2 Fighting
 + Level 2.9 Dodging
 - Level 2.6 Stealth
 + Level 6.9 Spellcasting
 + Level 3.7 Conjurations
 + Level 1.3 Summonings
 + Level 1.1 Translocations
 + Level 1.4 Fire Magic
 - Level 2.0 Air Magic
 - Level 1.9 Poison Magic


You had 9 spell levels left.
You knew the following spells:

 Your Spells              Type           Power      Damage    Failure   Level
a - Magic Dart            Conj           88%        1d7       1%          1
b - Blink                 Tloc           22%        N/A       9%          2
c - Conjure Flame         Conj/Fire      18%        6-21      9%          3
d - Mephitic Cloud        Conj/Pois/Air  27%        N/A       10%         3

Your spell library contained the following spells:

 Spells                   Type           Power      Damage    Failure   Level
 Call Imp                 Summ           12%        N/A       8%          2
 Beastly Appendage        Tmut           14%        N/A       9%          1
 Slow                     Hex            28%        N/A       9%          1
 Sublimation of Blood     Necr           7%         N/A       14%         2
 Wereblood                Tmut           7%         N/A       14%         2
 Spider Form              Tmut/Pois      11%        N/A       19%         3
 Summon Hydra             Summ           6%         N/A       100%        7


Dungeon Overview and Level Annotations

Branches:
Dungeon (5/15)             Temple (0/1) D:4

Altars:

Annotations:
D:3 exclusion: downstairs
D:4 exclusions: black bear and downstairs, Sigmund
D:5 Eustachio, Prince Ribbit


Message History

Deactivating autopickup; reactivate with Ctrl-A.
A magic dart appears from out of thin air!
The magic dart hits you!
Casting: Magic Dart (safe; 1% risk of failure)
Confirm with . or Enter, or press ? or * to list all spells.
The spell is quite dangerous to miscast (9% risk of failure)!
Continue anyway?
The fire begins to smoulder!
You are confused.
The fire ignites!
You bump into the rock wall.
You bump into the rock wall.
You feel less confused. Something hits you! Something freezes you.
* * * LOW HITPOINT WARNING * * *
There is a stone staircase leading down here.
You climb downwards.
Level annotation: Eustachio Reactivating autopickup.
There is a stone staircase leading up here.
A water moccasin comes into view.
You climb upwards.
Level annotation: exclusions: black bear and downstairs, Sigmund
There is a stone staircase leading down here.
There is an escape hatch in the floor here.
You slide downwards.
The hatch slams shut behind you.
Level annotation: Eustachio The orc shouts!
Prince Ribbit gives a loud, deep croak!
Casting: Conjure Flame (quite dangerous; 9% risk of failure)
Confirm with . or Enter, or press ? or * to list all spells.
You blink.
Prince Ribbit completely misses you. Prince Ribbit hits you!
* * * LOW HITPOINT WARNING * * *
An orc wizard comes into view. It is wielding a +3 dagger.
An orc comes into view. It is wielding a +0 club.
The orc shouts!
The orc wizard gestures wildly while chanting.
The orc wizard flickers and vanishes!
Deactivating autopickup; reactivate with Ctrl-A.
Prince Ribbit hits you!
You die...

.....##...## ....
#.......... ....
.##.........# .....
............##.....
...................
...................
...................
#....@Fo.........
#....##...##.....
....... #o..# ...
.o...........# .
.............#
.............#
.{...........#
.########....#
#....#


You could see Prince Ribbit and 2 orcs.

Vanquished Creatures
  2 jellies (D:4)
  Ijyb (D:4)
  2 orc wizards (D:4)
  Natasha (D:3)
  Terence (D:2)
  A hound skeleton (D:4)
  4 gnolls (D:4)
  6 adders
  A shadow imp (D:4)
  2 dart slugs (D:2)
  7 orcs (D:4)
  5 endoplasms
  5 giant cockroaches
  6 goblins
  2 hobgoblins
  7 jackals
  4 quokkas
  7 ball pythons
  7 bats
  2 frilled lizards (D:3)
  7 kobolds
80 creatures vanquished.

Notes
Turn   | Place    | Note
-------+----------+-------------------------------------------
     0 | D:1      | H0rd4k the Deep Elf Hedge Wizard began the quest for the
                  | Orb.
     0 | D:1      | Reached XP level 1. HP: 10/10 MP: 7/7
   483 | D:1      | Reached XP level 2. HP: 15/15 MP: 6/9
   488 | D:1      | Reached skill level 5 in Spellcasting
  1516 | D:2      | Reached XP level 3. HP: 19/19 MP: 5/11
  1534 | D:2      | Learned a level 2 spell: Blink
  1538 | D:2      | Learned a level 3 spell: Conjure Flame
  1542 | D:2      | Learned a level 3 spell: Mephitic Cloud
  1727 | D:2      | Noticed Terence
  2197 | D:3      | Noticed Natasha
  2291 | D:3      | Reached skill level 6 in Spellcasting
  2291 | D:3      | Reached XP level 4. HP: 17/24 MP: 2/14
  2398 | D:3      | Reached skill level 1 in Fire Magic
  3225 | D:2      | Killed Terence
  3226 | D:2      | Reached skill level 1 in Air Magic
  3517 | D:4      | Noticed a black bear
  3594 | D:4      | Reached skill level 1 in Poison Magic
  3594 | D:4      | Reached XP level 5. HP: 28/28 MP: 11/15
  3805 | D:3      | Killed Natasha
  4132 | D:4      | Noticed Sigmund
  4132 | D:4      | Found a staircase to the Ecumenical Temple.
  4135 | D:4      | Noticed Ijyb
  4526 | D:4      | Reached XP level 6. HP: 17/32 MP: 4/17
  4818 | D:5      | Entered Level 5 of the Dungeon
  4818 | D:5      | Noticed Eustachio
  5043 | D:4      | Killed Ijyb
  5432 | D:5      | Noticed a water moccasin
  5444 | D:5      | Noticed Prince Ribbit
  5448 | D:5      | Slain by Prince Ribbit

Illustrated notes

Levels and vault maps discovered:
D:1:      dpeg_arrival_more_subterranean_lakeside_camping, layout_loops_ring
D:2:      layout_basic, hangedman_feature_mirror, uniq_terence
D:3:      layout_basic, uniq_natasha
D:4:      layout_loops_ring, temple_statues, st_stairs_8, uniq_sigmund,
          uniq_ijyb
D:5:      layout_gridville, lemuel_doored_altar, uniq_prince_ribbit1,
          uniq_edmund, uniq_eustachio, uniq_grinder

Skill      XL: |  1  2  3  4  5  6 |
---------------+-------------------+-----
Spellcasting   | 5 6 |  6.9
Conjurations   | 2 3 |  3.7
Fire Magic     | 1 |  1.4
Air Magic      | 1 2 |  2.0
Poison Magic   | 1 |  1.9
Fighting       | |  0.2
Dodging        | |  2.9
Stealth        | |  2.6
Summonings     | |  1.3
Translocations | |  1.1

Action                   |  1- 3 |  4- 6 || total
-------------------------+-------+-------++-------
 Cast: Magic Dart        |   111 |   154 ||   265
       Conjure Flame     |     1 |     8 ||     9
       Mephitic Cloud    |       |     5 ||     5
       Blink             |       |     3 ||     3
  Use: Scroll            |       |     1 ||     1
Armor: Robe              |     2 |     8 ||    10
Dodge: Dodged            |    44 |    29 ||    73
